 Dungeon Crawl Stone Soup version 0.30.1-3-gfc49f6343a (webtiles) character file.

Game seed: 16300080115679640357

91 monsoonserge the Stinger (level 4, -3/33 HPs)
             Began as a Draconian Venom Mage on Aug 4, 2023.
             Slain by a gnoll
             ... wielding a +0 spear
              (6 damage)
             ... on level 3 of the Dungeon.
             The game lasted 00:08:53 (2568 turns).

monsoonserge the Stinger (Draconian Venom Mage)     Turns: 2568, Time: 00:08:53

Health: -3/33      AC:  6    Str:  8 (10) XL:     4   Next: 34%
Magic:  3/7        EV: 12    Int: 15 (17) God:
Gold:   113        SH:  0    Dex:  9 (12) Spells: 3/7 levels left

rFire   . . .        q - +0 dagger (speed)
rCold   . . .        (no shield)
rNeg    . . .        (body armour unavailable)
rPois   .            (helmet restricted)
rElec   .            (no cloak)
rCorr   .            (no gloves)
SInv    .            j - +0 pair of boots
Will    .....        (no amulet)
Stlth   ++           (no ring)
HPRegen 0.25/turn    (no ring)
MPRegen 0.10/turn

%: no passive effects
@: no status effects
A: AC +5, unfitting armour, cold-blooded
a: no special abilities


You were on level 3 of the Dungeon.
You visited 1 branch of the dungeon, and saw 3 of its levels.

You collected 113 gold pieces.

Inventory:

Hand Weapons
 q - a +0 dagger of speed (weapon)
Missiles
 b - 2 poisoned darts (quivered)
 m - 4 javelins
Armour
 j - a +0 pair of boots (worn)
Wands
 p - a wand of digging (4)
Scrolls
 g - a scroll of fear {unknown}
 i - 2 scrolls of identify {unknown}
 n - 2 scrolls of noise {unknown}
 o - a scroll of magic mapping {unknown}
Potions
 a - a potion of magic
 c - a potion of mutation {unknown}
 d - 2 potions of degeneration
 e - a potion of flight {unknown}
 f - a potion of curing {unknown}
 h - 2 potions of cancellation {unknown}
 l - a potion of might {unknown}


   Skills:
 + Level 0.2 Fighting
 + Level 2.1 Dodging
 + Level 1.9 Stealth
 * Level 0.5 Unarmed Combat
 + Level 2.1 Spellcasting
 * Level 1.1 Conjurations
 + Level 1.9 Transmutations
 * Level 0.4 Air Magic
 + Level 4.0 Poison Magic


You had 3 spell levels left.
You knew the following spells:

 Your Spells              Type           Power      Damage    Failure   Level
a - Sting                 Tmut/Pois      40%        1d5       6%          1
b - Mephitic Cloud        Conj/Pois/Air  7%         N/A       30%         3

Your spell library contained the following spells:

 Spells                   Type           Power      Damage    Failure   Level
 Beastly Appendage        Tmut           14%        N/A       10%         1
 Poisonous Vapours        Pois/Air       16%        N/A       13%         2
 Wereblood                Tmut           7%         N/A       16%         2
 Spider Form              Tmut/Pois      10%        N/A       19%         3
 Olgreb's Toxic Radiance  Pois           13%        N/A       38%         4


Dungeon Overview and Level Annotations

Branches:
Dungeon (3/15)

Altars:
Okawaru
Uskayaw


Innate Abilities, Weirdness & Mutations

Your plain brown scales are hard. (AC +5)
You cannot fit into any form of body armour.
You are cold-blooded and may be slowed by cold attacks.


Message History

The gnoll attacks as you move away! The gnoll hits you with a +0 flail.
* * * LOW HITPOINT WARNING * * *
Casting: Sting (safe; 6% risk of failure)
Confirm with . or Enter, or press ? or * to list all spells.
Aiming: Sting (safe; 6% risk of failure)
Press: ? - help, Shift-Dir - straight line, f - gnoll
Aim: a gnoll, wielding a +0 flail (75% to hit)
The sting hits the gnoll.
The gnoll looks even sicker.
The gnoll is almost dead.
The gnoll closely misses you.
Unknown command.
Casting: Sting (safe; 6% risk of failure)
Confirm with . or Enter, or press ? or * to list all spells.
Aiming: Sting (safe; 6% risk of failure)
Press: ? - help, Shift-Dir - straight line, f/p - gnoll
Aim: a gnoll, wielding a +0 flail (75% to hit)
The sting hits the gnoll but does no damage.
The gnoll is poisoned.
You kill the gnoll!
The gnoll hits you from afar with a +0 spear.
* * * LOW HITPOINT WARNING * * *
The gnoll hits you but does no damage. The gnoll attacks as you move away!
The gnoll hits you with a +0 flail.
* * * LOW HITPOINT WARNING * * *
Throw: throwing net
Press: ? - help, Q - select action, (/) - cycle Shift-Dir - straight line, f/p - gnoll
Aim: a gnoll, wielding a +0 flail (lightly wounded, poisoned, 60% to hit)
You throw a throwing net.
The throwing net barely misses the gnoll.
The throwing net hits the gnoll.
The gnoll is caught in the net!
The gnoll is lightly wounded.
The gnoll hits you from afar with a +0 spear.
* * * LOW HITPOINT WARNING * * *
The gnoll struggles against the net.
The gnoll closely misses you.
It was a potion of degeneration.
There was something very wrong with that liquid.
You feel weakened.
You feel dopey.
You feel clumsy.
The gnoll looks more healthy.
The gnoll hits you from afar with a +0 spear.
You die...

#.#.....# #..[ #.
#####.......# #...
.####.##...........# #...
.........#####....######...
#.......#####.#..###......
#.......##................
#..........#.....8.......8
#......g####......†.......
#.....g)g@.......8.......8
####....)..#####........)....
........#### ##...8..._...8
#.#####.# #.#....###...
####g####### #.###........
#?..g...(..# #.# #######.#
#.......#####.# .. #.#
#.......# .. #.# #..
#....#.## #.#####.###.#


You could see 3 gnolls.

Vanquished Creatures
  Ijyb (D:3)
  A gnoll (D:3)
  An adder (D:2)
  A dart slug (D:1)
  7 endoplasms
  2 goblins
  2 hobgoblins (D:1)
  7 jackals (D:1)
  2 kobolds
  3 quokkas (D:1)
  7 ball pythons
  3 bats (D:1)
  2 frilled lizards
  2 rats (D:1)
41 creatures vanquished.

Notes
Turn   | Place    | Note
-------+----------+-------------------------------------------
     0 | D:1      | monsoonserge the Draconian Venom Mage began the quest for
                  | the Orb.
     0 | D:1      | Reached XP level 1. HP: 14/14 MP: 3/3
   204 | D:1      | Reached XP level 2. HP: 20/20 MP: 1/5
   702 | D:1      | Reached XP level 3. HP: 26/26 MP: 1/6
  1429 | D:2      | Learned a level 3 spell: Mephitic Cloud
  1823 | D:2      | Reached skill level 4 in Poison Magic
  1842 | D:2      | Found an iron altar of Okawaru.
  2401 | D:3      | Noticed Ijyb
  2419 | D:3      | Killed Ijyb
  2420 | D:3      | Reached skill level 1 in Conjurations
  2420 | D:3      | Reached XP level 4. HP: 18/33 MP: 0/7
  2495 | D:3      | Found a hide-covered altar of Uskayaw.
  2568 | D:3      | Slain by a gnoll

Illustrated notes

Levels and vault maps discovered:
D:1:      minmay_arrival_arboretum_small, layout_loops_corners
D:2:      minmay_wonky_spiral, layout_loops_cross, basic_altar, minmay_mini_jars
D:3:      layout_loops_cross, eat_drink_and_be_merry_uskayaw,
          supply_closet_lemuel, uniq_ijyb

Skill      XL: |  1  2  3 |
---------------+----------+-----
Dodging        | 2 |  2.1
Poison Magic   | 4 |  4.0
Conjurations   | 1 |  1.1
Fighting       | |  0.2
Stealth        | |  1.9
Unarmed Combat | |  0.5
Spellcasting   | |  2.1
Transmutations | |  1.9
Air Magic      | |  0.4

Action                     |  1- 3 |  4- 6 || total
---------------------------+-------+-------++-------
  Melee: Unarmed           |     4 |       ||     4
         Tailslap          |    11 |       ||    11
         Club              |    24 |       ||    24
         Dagger            |    18 |     4 ||    22
         War axe           |     8 |       ||     8
  Throw: Javelin           |     1 |       ||     1
         Throwing net      |       |     1 ||     1
   Cast: Sting             |    58 |     6 ||    64
    Use: Potion            |       |     1 ||     1
   Stab: Sleeping          |     1 |       ||     1
 Armour: Skin              |    24 |     6 ||    30
  Dodge: Dodged            |    50 |     8 ||    58
